 Dungeon Crawl Stone Soup version 0.23.2-1-ga50397a (webtiles) character file.

Game seed: 1072505055709743946

103576 HelloThere the Tortoise (level 16, -12/136 HPs)
             Began as a Formicid Fighter on May 8, 2019.
             Was the Champion of Nemelex Xobeh.
             Killed from afar by an ice dragon (52 damage)
             ... with a blast of cold
             ... on level 15 of the Dungeon.
             The game lasted 02:06:55 (21098 turns).

HelloThere the Tortoise (Formicid Fighter)         Turns: 21098, Time: 02:06:55

Health: -12/136    AC: 23    Str: 29      XL:     16   Next: 89%
Magic:  23/23      EV:  8    Int:  8 (9)  God:    Nemelex Xobeh [******]
Gold:   1481       SH: 14    Dex: 17      Spells: 15/15 levels left

rFire    + + .     SeeInvis +   a - +4 war axe (vamp)
rCold    x . .     Gourm    .   c - +1 shield
rNeg     . . .     Faith    .   K - +0 plate armour
rPois    +         Spirit   .   (helmet unavailable)
rElec    .         Reflect  .   J - +2 cloak
rCorr    .         Harm     .   (no gloves)
MR       +....                  d - +0 pair of boots
Stlth    ..........             (no amulet)
HPRegen  0.32/turn              H - ring "Nyudin" {Fire *Drain +Blink Dex+7}
MPRegen  0.18/turn              Q - ring of Egomania {*Contam rPois rF+ Str+2}

@: no status effects
A: permanent stasis, dig shafts and tunnels, four strong arms, antennae 3,
deterioration 1, low mp 1
a: Dig, Shaft Self, Draw Escape, Draw Destruction, Draw Summoning, Triple Draw,
Deal Four, Stack Five, Renounce Religion


You were on level 15 of the Dungeon.
You worshipped Nemelex Xobeh.
Nemelex Xobeh was exalted by your worship.
You were very hungry.

You visited 3 branches of the dungeon, and saw 21 of its levels.
You also visited: Gauntlet.

You collected 1481 gold pieces.

Inventory:

Hand Weapons
 a - a +4 vampiric war axe (weapon)
 b - a +0 arbalest
 h - a +0 war axe of flaming
Missiles
 N - 41 bolts
Armour
 c - a +1 shield (worn)
 d - a +0 pair of boots (worn)
 e - the +2 leather armour of Miracles {*Corrode Int+4 Dex+4, unknown}
   (You found it on level 14 of the Dungeon)

   It affects your intelligence (+4).
   It affects your dexterity (+4).
   It may corrode you when you take damage.
 x - a scarf of cloud immunity
 J - a +2 cloak (worn)
 K - a +0 plate armour (worn)
 S - +0 fire dragon scales
 U - the +0 leather armour of Gozag's Anger {rC+}
   (You found it in a Gauntlet)

   It protects you from cold.
 W - the +1 leather armour "Coeniud" {Str+3 Int+2}
   (You found it on level 6 of the Lair of Beasts)

   It affects your strength (+3).
   It affects your intelligence (+2).
Jewellery
 k - a +4 ring of evasion
 m - an uncursed ring of resist corrosion
 p - a +4 ring of protection
 C - the ring of Autotheism {*Tele rElec Dex+2 Stlth-}
   (You found it on level 9 of the Dungeon)

   [ring of teleportation]

   It may teleport you next to monsters.
   It affects your dexterity (+2).
   It insulates you from electricity.
   It makes you less stealthy.
 H - the ring "Nyudin" (left hand) {Fire *Drain +Blink Dex+7}
   (You found it on level 3 of the Lair of Beasts)

   [ring of fire]

   It enhances your fire magic.
   It affects your dexterity (+7).
   It protects you from fire.
   It makes you vulnerable to cold.
   It lets you blink.
   It causes draining when unequipped.
 P - a +4 ring of intelligence
 Q - the ring of Egomania (right hand) {*Contam rPois rF+ Str+2}
   (You found it in a Gauntlet)

   [ring of protection from fire]

   It affects your strength (+2).
   It protects you from fire.
   It protects you from poison.
   It causes magical contamination when unequipped.
Wands
 q - a wand of random effects (11)
 r - a wand of iceblast (19)
 t - a wand of polymorph (14)
 y - a wand of disintegration (33)
 T - a wand of acid (9)
 Y - a wand of paralysis (10)
Scrolls
 g - 5 scrolls of enchant weapon
 j - 3 scrolls of amnesia
 o - 6 scrolls of remove curse
 v - a scroll of identify
 D - a scroll of fog
 F - a scroll of immolation
 G - a scroll of magic mapping
 I - a scroll of enchant armour
 L - a scroll of fear
 O - a scroll of blinking {unknown}
 R - a scroll of torment {unknown}
 Z - a scroll of vulnerability {unknown}
Potions
 i - 3 potions of berserk rage {unknown}
 l - a potion of brilliance {unknown}
 n - 2 potions of heal wounds
 s - 7 potions of curing
 u - 3 potions of resistance
 w - 2 potions of cancellation
 A - 2 potions of agility
 B - a potion of flight {unknown}
 E - a potion of lignification {unknown}
 M - 2 potions of might
 X - a potion of mutation {unknown}
Miscellaneous
 z - a fan of gales
 V - a phantom mirror
Comestibles
 f - 33 rations


   Skills:
 * Level 15.6 Fighting
 - Level 16.0 Axes
 - Level 17.0 Armour
 - Level 9.0 Shields
 + Level 13.6 Invocations


You had 15 spell levels left.
You didn't know any spells.
Your spell library contained the following spells:

 Spells                   Type           Power        Failure   Level  Hunger
 Animate Skeleton         Necr           N/A          91%         1    ##.....
 Beastly Appendage        Tmut           #.....       91%         1    ##.....
 Flame Tongue             Conj/Fire      #....        91%         1    ##.....
 Freeze                   Ice            #...         91%         1    ##.....
 Magic Dart               Conj           #...         91%         1    ##.....
 Pain                     Necr           #...         91%         1    ##.....
 Searing Ray              Conj           #.....       97%         2    ###....
 Sticks to Snakes         Tmut           #.......     97%         2    ###....
 Throw Frost              Conj/Ice       #.....       97%         2    ###....
 Dazzling Spray           Conj/Hex       #.....       100%        3    ####...
 Ozocubu's Armour         Chrm/Ice       #.......     100%        3    ####...
 Regeneration             Chrm/Necr      #.........   100%        3    ####...
 Spider Form              Tmut/Pois      #.........   100%        3    ####...
 Vampiric Draining        Necr           #.........   100%        3    ####...
 Animate Dead             Necr           N/A          100%        4    #####..
 Cause Fear               Hex            #.........   100%        4    #####..
 Force Lance              Conj/Tloc      #.......     100%        4    #####..
 Fulminant Prism          Conj/Hex       #.........   100%        4    #####..
 Ice Form                 Ice/Tmut       #.......     100%        4    #####..
 Iskenderun's Mystic Bla  Conj           #.......     100%        4    #####..
 Summon Ice Beast         Ice/Summ       #.......     100%        4    #####..
 Throw Icicle             Conj/Ice       #.......     100%        4    #####..
 Blade Hands              Tmut           #.........   100%        5    ######.
 Irradiate                Conj/Tmut      #.........   100%        5    ######.
 Bolt of Fire             Conj/Fire      #.........   100%        6    #######
 Hydra Form               Tmut           #.........   100%        6    #######
 Statue Form              Tmut/Erth      #........    100%        6    #######
 Dragon Form              Tmut           #.........   100%        7    #######
 Malign Gateway           Summ/Tloc      #.........   100%        7    #######
 Monstrous Menagerie      Summ           #.........   100%        7    #######
 Summon Greater Demon     Summ           #.........   100%        7    #######
 Summon Horrible Things   Summ           #.........   100%        8    #######
 Dragon's Call            Summ           #.........   100%        9    #######


Dungeon Overview and Level Annotations

Branches:
Dungeon (15/15)            Temple (0/1) D:5            Lair (6/6) D:9
 Shoals (1/4) Lair:2       Spider (0/4) Lair:4        Slime (0/5) Lair:6
 Vaults (0/5) D:14         Depths (0/5) D:15
    Orc: D:9-12

Altars:
Ashenzari
Dithmenos
Elyvilon
Gozag
Hepliaklqana
Makhleb
Nemelex Xobeh
Okawaru
Ru
Trog
Xom

Shops:
D:13 [


Innate Abilities, Weirdness & Mutations

You cannot be hasted, slowed, berserked, paralysed or teleported.
You can dig through walls and to a lower floor.
Your four strong arms can wield two-handed weapons with a shield.
You have a pair of large antennae on your head. (SInv)
Your body sometimes deteriorates upon taking damage.
Your magical capacity is low. (-10% MP)


Message History

The ice dragon is almost dead.
The ice dragon breathes frost at you. The blast of cold hits you!!
You feel a terrible chill!
* * * LOW HITPOINT WARNING * * *
Your body deteriorates!
You feel dopey.
You feel much better. You block the ice dragon's attack. x2
The ice dragon tramples you.
* * * LOW HITPOINT WARNING * * *
You hold your ground!
You feel much better. The ice dragon bites you.
The ice dragon barely misses you. The ice dragon tramples you.
* * * LOW HITPOINT WARNING * * *
You hold your ground!
You draw a card...
You have drawn Velocity.
The ice dragon seems to slow down.
You are feeling very hungry.
There is an open door here.
The ice dragon breathes frost at you. The blast of cold hits you!!!
You feel a terrible chill!
You die...
Your body glows slightly and disappears.

#.#.# { { #.##..#c#.#.#c##.....
+#'## { ##(.)...#..(...##..#.#
#.#.########(########(#|#.##.....
.....#......##.?....##'#(###.#.#.
.#..#'#..#..#(....)##.#(#.##.....
###..#†.#.#.#..#@#.'#.)†).##..#..
.#..#+#..#..#...#..#(..##.##.....
.....#......#..#.##+#..# .##.#.#.
.#.####.#.#.#...@## ..## .##.....
#+######+#+##.#'#'###.. .##..#..
≈≈≈≈≈# ####.#D##### ###.....
...P≈# { #......#######......
..⌠P≈# #'#..#..##...........
P..P≈# ..#..#.#..#...###.###.
...P≈# #.#'#. # .##..#........
≈≈≈≈≈# { ...#.. .##.#..####.#.
###### ##### ###.#.## .....


You could see an ice dragon.

Vanquished Creatures
  2 ghouls (D:13)
  Nessos (D:15)
  A minotaur (Gauntlet)
  An ettin (Lair:5)
  A yaktaur captain (D:15)
  2 fire dragons
  Harold (D:8)
  A vault guard (D:14)
  A catoblepas (D:14)
  8 hydras
  4 centaur warriors
  4 two-headed ogres
  An ogre mage (D:15)
  2 death yaks (Lair:2)
  2 tengu warriors
  An unseen horror (D:15)
  9 skeletal warriors
  A glowing orange brain (D:15)
  A swamp dragon (Lair:5)
  2 wizards (D:14)
  2 orc knights (D:15)
  A phantasmal warrior (D:15)
  3 wolf spider zombies (D:13)
  A lindwurm (Lair:5)
  10 ugly things
  A deep elf mage (D:15)
  3 necromancers (D:14)
  A mana viper (Lair:2)
  A faun (shapeshifter) (D:15)
  4 cyclopes
  A shining eye (Lair:5)
  A wolf spider (D:15)
  2 manticores
  2 elephants
  An eye of devastation (Lair:2)
  2 guardian serpents (Lair:5)
  9 black mambas
  A gargoyle (D:13)
  A torpor snail (Lair:2)
  A spiny frog (shapeshifter) (D:15)
  12 spiny frogs
  4 centaur skeletons
  A yaktaur (D:15)
  Psyche (D:9)
  11 komodo dragons
  2 freezing wraiths (D:15)
  A queen bee (shapeshifter) (D:14)
  A troll (shapeshifter) (D:15)
  6 trolls
  4 polar bears (Lair:6)
  A wind drake (Shoals:1)
  5 hornets
  A raiju (Lair:6)
  8 blink frogs
  7 dream sheep
  A raiju (shapeshifter) (D:15)
  8 hippogriffs
  A hippogriff (shapeshifter) (D:15)
  2 slime creatures (Lair:6)
  An air elemental (D:10)
  A snapping turtle (Lair:2)
  A large abomination (Gauntlet)
  6 flying skulls (Gauntlet)
  8 spriggans (Lair:6)
  29 yaks
  4 wyverns
  3 wraiths (Lair:5)
  4 shadows
  A fire bat (Lair:6)
  6 basilisks
  15 humans (D:14)
  2 water elementals
  2 fire elementals
  A basilisk (shapeshifter) (D:15)
  A steam dragon (D:15)
  A hungry ghost (D:6)
  13 vampire mosquitoes
  2 swamp worms (Gauntlet)
  14 water moccasins
  2 hell hounds (D:15)
  3 acid dragons
  7 porcupines
  2 ice beasts
  5 sky beasts
  An eye of draining (Lair:6)
  6 orc warriors
  5 black bears
  18 wolves (Lair:6)
  An ogre (D:9)
  A phantom (D:8)
  4 boggarts (Lair:6)
  14 centaurs
  16 crocodiles
  19 bullfrogs
  5 big kobolds
  An earth elemental (D:10)
  3 small abominations (Gauntlet)
  Dowan (D:5)
  5 scorpions
  11 killer bees
  5 wights (D:14)
  7 howler monkeys
  5 electric eels
  3 crimson imps
  4 bullfrog zombies
  3 bullfrog skeletons
  11 centaur zombies
  A water moccasin simulacrum (Lair:3)
  6 orc priests
  4 hounds
  6 jellies
  10 orc wizards
  Natasha (twice) (D:2)
  3 worker ants
  2 hound zombies (D:10)
  4 hound skeletons
  5 mummies (D:13)
  2 worker ant zombies
  13 adders
  3 shadow imps
  7 oozes
  An adder zombie (D:8)
  3 adder skeletons
  3 worms
  19 orcs
  5 bats
  4 giant cockroaches
  2 goblins (D:1)
  10 hobgoblins
  4 jackals
  2 quokkas
  2 frilled lizards
  20 kobolds
  A leopard gecko skeleton (D:7)
  A leopard gecko zombie (D:8)
  2 quokka skeletons (D:6)
  A quokka zombie (D:3)
  9 rats
  8 fungi
  13 plants
  2 withered plants (D:13)
634 creatures vanquished.

Vanquished Creatures (collateral kills)
  Azrael (D:15)
  2 vault guards (D:14)
  The ghost of Tostull the Destroyer, a journeyman DEWz of Vehumet (Lair:3)
  A glowing orange brain (Lair:6)
  An orb spider (Lair:6)
  A harpy (Lair:6)
  A moth of wrath (Lair:2)
  An elephant (Lair:6)
  2 rime drakes (Lair:3)
  A water nymph (Shoals:1)
  A spiny frog (Lair:2)
  2 dream sheep (Lair:6)
  3 spriggans (Lair:6)
  5 flying skulls (Gauntlet)
  A fire elemental (D:15)
  A human (D:14)
  Duvessa (D:5)
  A porcupine (Lair:5)
  A slave (D:8)
  A centaur (Lair:6)
  2 elephant simulacra (Lair:3)
  A blink frog simulacrum (Lair:3)
  4 wights
  A crimson imp (D:5)
  A komodo dragon simulacrum (Lair:3)
  An orc priest (D:5)
  A hound (D:5)
  Natasha (D:2)
  An orc wizard (D:5)
  An orc (D:5)
43 creatures vanquished.

Vanquished Creatures (others)
  Nikola (Shoals:1)
  A two-headed ogre (D:8)
  Pikel (D:8)
  A merfolk (Shoals:1)
  A slime creature (Lair:6)
  A water elemental (D:10)
  A wyvern (D:13)
  A hell hound (D:15)
  3 slaves (D:8)
  An ogre (D:6)
  A crocodile (Lair:6)
  A killer bee (D:8)
  2 wights (D:7)
  An electric eel (D:13)
  A howler monkey (D:7)
  A bullfrog zombie (D:13)
  A jelly (Lair:6)
  A shadow imp (D:15)
  3 ball lightnings
  An orc (D:13)
  15 fungi
  21 plants
  7 toadstools (D:2)
  2 withered plants (D:13)
70 creatures vanquished.

Grand Total: 747 creatures vanquished

Notes
Turn   | Place    | Note
-------+----------+-------------------------------------------
     0 | D:1      | HelloThere the Formicid Fighter began the quest for the
                  | Orb.
     0 | D:1      | Reached XP level 1. HP: 18/18 MP: 1/1
   128 | D:1      | Found a sparkling altar of Nemelex Xobeh.
   132 | D:1      | Became a worshipper of Nemelex Xobeh the Trickster
   161 | D:1      | Received a gift from Nemelex Xobeh
   334 | D:1      | Reached XP level 2. HP: 24/24 MP: 2/2
   577 | D:2      | Noticed Natasha
   586 | D:2      | Killed Natasha
   586 | D:2      | Reached XP level 3. HP: 30/30 MP: 3/3
   601 | D:2      | Noticed Natasha
   608 | D:2      | Killed Natasha
   608 | D:2      | Reached XP level 4. HP: 17/37 MP: 4/4
   619 | D:2      | Noticed Natasha
   635 | D:2      | Killed Natasha
   946 | D:2      | Reached * piety under Nemelex Xobeh
  1005 | D:2      | Reached XP level 5. HP: 42/42 MP: 5/5
  1199 | D:2      | Reached XP level 6. HP: 18/49 MP: 6/6
  1519 | D:2      | Found a white marble altar of Elyvilon.
  1521 | D:2      | Found a shimmering altar of Xom.
  1540 | D:2      | Found a sacrificial altar of Ru.
  1540 | D:2      | Found a bloodstained altar of Trog.
  1545 | D:2      | Found a sparkling altar of Nemelex Xobeh.
  1548 | D:2      | Found a hazy altar of Hepliaklqana.
  1697 | D:2      | Received a gift from Nemelex Xobeh
  2246 | D:3      | Reached skill level 5 in Axes
  2522 | D:3      | Reached skill level 5 in Fighting
  2626 | D:3      | Received a gift from Nemelex Xobeh
  2895 | D:4      | Reached ** piety under Nemelex Xobeh
  3048 | D:4      | Noticed a hippogriff
  3057 | D:4      | Killed a hippogriff
  3057 | D:4      | Reached XP level 7. HP: 46/56 MP: 7/7
  3327 | D:4      | Received a gift from Nemelex Xobeh
  3486 | D:5      | Entered Level 5 of the Dungeon
  3499 | D:5      | Identified the -1 hand axe of the Tomato {freeze, rElec rF-
                  | rC++ Int+2}
  3513 | D:5      | Noticed an orange demon
  3888 | D:5      | Reached XP level 8. HP: 51/64 MP: 8/8
  4067 | D:5      | Found a staircase to the Ecumenical Temple.
  4070 | D:5      | Noticed Duvessa
  4070 | D:5      | Noticed Dowan
  4079 | D:5      | Killed Dowan
  4085 | D:5      | Killed Duvessa
  4384 | D:5      | Reached *** piety under Nemelex Xobeh
  4437 | D:6      | Reached skill level 10 in Axes
  4443 | D:6      | Paralysed by fainting for 12 turns
  4499 | D:6      | Received a gift from Nemelex Xobeh
  4564 | D:6      | Reached XP level 9. HP: 53/72 MP: 9/9
  4652 | D:6      | Received a gift from Nemelex Xobeh
  5435 | D:6      | Received a gift from Nemelex Xobeh
  5580 | D:7      | Reached **** piety under Nemelex Xobeh
  5895 | D:7      | Received a gift from Nemelex Xobeh
  6148 | D:8      | Noticed Pikel
  6148 | D:8      | Noticed Harold
  6148 | D:8      | Noticed a two-headed ogre
  6149 | D:8      | Killed Pikel
  6149 | D:8      | Reached XP level 10. HP: 83/83 MP: 10/10
  6151 | D:8      | Killed Harold
  6153 | D:8      | Killed a two-headed ogre
  6300 | D:8      | Received a gift from Nemelex Xobeh
  6315 | D:8      | Reached skill level 10 in Fighting
  6852 | D:9      | Reached skill level 4 in Armour
  6887 | D:9      | Reached skill level 15 in Axes
  6903 | D:9      | Reached ***** piety under Nemelex Xobeh
  6913 | D:9      | Noticed a komodo dragon
  6915 | D:9      | Found a staircase to the Lair.
  6919 | D:9      | Killed a komodo dragon
  6919 | D:9      | Reached XP level 11. HP: 66/90 MP: 11/11
  7041 | D:9      | Reached skill level 5 in Armour
  7229 | D:9      | Received a gift from Nemelex Xobeh
  7310 | D:9      | Found a burning altar of Makhleb.
  7414 | D:9      | Noticed Psyche
  7418 | D:9      | Killed Psyche
  7438 | D:9      | Got a bound jade ring
  7536 | D:9      | Reached skill level 6 in Armour
  7742 | Lair:1   | Entered Level 1 of the Lair of Beasts
  7742 | Lair:1   | Found an iron altar of Okawaru.
  7760 | Lair:1   | Received a gift from Nemelex Xobeh
  7900 | Lair:1   | Noticed a six-headed hydra
  7907 | Lair:1   | Killed a six-headed hydra
  7907 | Lair:1   | Reached skill level 7 in Armour
  8214 | Lair:1   | Reached skill level 8 in Armour
  8253 | Lair:1   | Received a gift from Nemelex Xobeh
  8669 | Lair:2   | Received a gift from Nemelex Xobeh
  8675 | Lair:2   | Reached skill level 9 in Armour
  8693 | Lair:2   | Reached XP level 12. HP: 95/97 MP: 12/12
  9012 | Lair:2   | Reached skill level 10 in Armour
  9283 | Lair:2   | Reached skill level 11 in Armour
  9346 | Lair:2   | Noticed a death yak
  9348 | Lair:2   | Noticed a death yak
  9367 | Lair:2   | Killed a death yak
  9367 | Lair:2   | Reached skill level 12 in Armour
  9375 | Lair:2   | Killed a death yak
  9604 | Lair:2   | Identified the ring of Autotheism {*Tele rElec Dex+2
                  | Stlth-} (You found it on level 9 of the Dungeon)
  9743 | Lair:2   | Reached skill level 1 in Invocations
  9813 | Lair:2   | Found a staircase to the Shoals.
  9988 | Shoals:1 | Entered Level 1 of the Shoals
  9988 | Shoals:1 | Noticed Nikola
  9995 | Shoals:1 | Noticed a sea snake
 10001 | Shoals:1 | Killed Nikola
 10001 | Shoals:1 | Reached skill level 13 in Armour
 10001 | Shoals:1 | Reached XP level 13. HP: 71/103 MP: 13/16
 10003 | Shoals:1 | HelloThere's illusion changed into HelloThere the satyr
 10093 | Shoals:1 | Noticed a merfolk impaler
 10375 | Lair:2   | HP: 3/103 [merfolk impaler/+0 demon trident (16)]
 10670 | Lair:3   | Received a gift from Nemelex Xobeh
 10725 | Lair:3   | Reached skill level 5 in Invocations
 10906 | Lair:3   | Received a gift from Nemelex Xobeh
 10958 | Lair:3   | Reached skill level 14 in Armour
 11009 | Lair:3   | Found a runed translucent gate.
 11009 | Lair:3   | Found a runed translucent gate.
 11009 | Lair:3   | Found a runed translucent gate.
 11108 | Lair:3   | Received a gift from Nemelex Xobeh
 11236 | Lair:3   | Noticed Tostull's ghost (journeyman DEWz)
 11238 | Lair:3   | Found the +0 Maxwell's etheric cage {RegenMP+ *Contam rElec
                  | MP+4}
 11756 | Lair:3   | Killed Tostull's ghost
 11770 | Lair:3   | Got the ring "Nyudin" {Fire}
 12063 | Lair:4   | Reached ****** piety under Nemelex Xobeh
 12063 | Lair:4   | Received a gift from Nemelex Xobeh
 12245 | Lair:4   | Received a gift from Nemelex Xobeh
 12445 | Lair:4   | Found a hole to the Spider Nest.
 12907 | Lair:5   | Found a gate leading to a gauntlet.
 12912 | Gauntlet | Entered a Gauntlet
 12912 | Gauntlet | Found a transporter.
 12912 | Gauntlet | Found a transporter.
 12914 | Gauntlet | Found a transporter.
 12914 | Gauntlet | Found a transporter.
 12918 | Gauntlet | Found a transporter.
 12918 | Gauntlet | Found a transporter.
 12949 | Gauntlet | Found a runed translucent gate.
 12949 | Gauntlet | Found a runed translucent gate.
 12949 | Gauntlet | Found a runed translucent gate.
 12951 | Gauntlet | Found a transporter.
 12955 | Gauntlet | Found a transporter.
 12966 | Gauntlet | Found a transporter.
 12982 | Gauntlet | Found a transporter.
 12993 | Gauntlet | Received a gift from Nemelex Xobeh
 13182 | Gauntlet | Found a transporter.
 13230 | Gauntlet | Found a transporter.
 13321 | Gauntlet | Got a slimy platinum ring
 13326 | Gauntlet | Identified the ring of Egomania {*Contam rPois rF+ Str+2}
                  | (You found it in a Gauntlet)
 13343 | Gauntlet | Noticed a minotaur
 13365 | Gauntlet | Killed a minotaur
 13365 | Gauntlet | Reached skill level 5 in Shields
 13386 | Gauntlet | Got a warped lapis lazuli ring
 13387 | Gauntlet | Got a slimy leather armour
 13389 | Gauntlet | Identified the ring "Ceaqos" {rPois EV+1 Str-5 Dex+4} (You
                  | found it in a Gauntlet)
 13494 | Lair:5   | Reached skill level 15 in Armour
 13648 | Lair:5   | Noticed Josephine
 13653 | Lair:5   | Noticed Josephine
 13653 | Lair:5   | Josephine changed into Josephine the shining eye
 13654 | Lair:5   | Gained mutation: Your magical capacity is low. (-10% MP)
                  | [Josephine]
 13658 | Lair:5   | Gained mutation: Your body sometimes deteriorates upon
                  | taking damage. [Josephine]
 13660 | Lair:5   | Killed Josephine the shining eye
 13660 | Lair:5   | Reached XP level 14. HP: 110/110 MP: 17/17
 13805 | Lair:5   | Received a gift from Nemelex Xobeh
 14279 | Lair:6   | Entered Level 6 of the Lair of Beasts
 14557 | Lair:6   | Reached skill level 16 in Armour
 14601 | Lair:6   | Found a staircase to the Slime Pits.
 14621 | Lair:6   | Received a gift from Nemelex Xobeh
 14844 | Lair:6   | Got a dazzling leather armour
 15263 | Lair:6   | Received a gift from Nemelex Xobeh
 15984 | D:10     | Entered Level 10 of the Dungeon
 16090 | D:10     | Reached skill level 10 in Invocations
 16100 | D:10     | Reached XP level 15. HP: 113/115 MP: 20/20
 16124 | D:10     | Found a shadowy altar of Dithmenos.
 16172 | D:10     | Received a gift from Nemelex Xobeh
 16185 | D:10     | Identified the +0 leather armour of Gozag's Anger {rC+}
                  | (You found it in a Gauntlet)
 16195 | D:10     | Identified the +1 leather armour "Coeniud" {Str+3 Int+2}
                  | (You found it on level 6 of the Lair of Beasts)
 16318 | D:10     | Found a large runed translucent door.
 16318 | D:10     | Found a large runed translucent door.
 16450 | D:10     | Reached skill level 17 in Armour
 16634 | D:10     | Received a gift from Nemelex Xobeh
 17139 | D:11     | You fall through a shaft for 2 floors!
 17160 | D:13     | Noticed a ghoul
 17173 | D:13     | Killed a ghoul
 17235 | D:13     | Noticed a ghoul
 17302 | D:13     | Killed a ghoul
 17493 | D:13     | Received a gift from Nemelex Xobeh
 17652 | D:13     | Found Nofah's Armour Shoppe.
 18011 | D:13     | Received a gift from Nemelex Xobeh
 19181 | D:14     | Received a gift from Nemelex Xobeh
 19240 | D:14     | Found an opulent altar of Gozag.
 19262 | D:14     | Reached XP level 16. HP: 129/131 MP: 22/22
 19753 | D:14     | Got a smoking leather armour
 19810 | D:14     | Found a gate to the Vaults.
 20110 | D:15     | Entered Level 15 of the Dungeon
 20302 | D:15     | Found a shattered altar of Ashenzari.
 20302 | D:15     | Found a shattered altar of Ashenzari.
 20303 | D:15     | Found a shimmering altar of Xom.
 20315 | D:15     | Received a gift from Nemelex Xobeh
 20323 | D:15     | Noticed Azrael
 20324 | D:15     | Identified the ring "Nyudin" {Fire *Drain +Blink Dex+7}
                  | (You found it on level 3 of the Lair of Beasts)
 20335 | D:15     | Killed Azrael
 20469 | D:15     | Found a staircase to the Depths.
 20724 | D:15     | Reached skill level 15 in Fighting
 21021 | D:15     | Noticed Nessos
 21049 | D:15     | Killed Nessos
 21093 | D:15     | HP: 5/136 [ice dragon/blast of cold (24)]
 21098 | D:15     | Killed from afar by an ice dragon

Skill      XL: |  1  2  3  4  5  6  7  8  9 10 11 12 13 14 15 16 |
---------------+-------------------------------------------------+-----
Axes           | 3 4 6 7 10 13 15 16 | 16.0
Fighting       | 4 5 6 7 9 10 13 15 | 15.6
Armour         | 4 9 13 15 16 17 | 17.0
Invocations    | 4 7 10 12 13 | 13.6
Shields        | 5 8 9 |  9.0

Action                   |  1- 3 |  4- 6 |  7- 9 | 10-12 | 13-15 | 16-18 || total
-------------------------+-------+-------+-------+-------+-------+-------++-------
Melee: War axe           |    40 |   197 |   231 |   401 |  1345 |   437 ||  2651
Invok: Deal Four         |       |       |       |       |     4 |       ||     4
 Abil: Draw Destruction  |     1 |     4 |    11 |    33 |    49 |     7 ||   105
       Draw Summoning    |     1 |       |     5 |     3 |    15 |     3 ||    27
       Draw Escape       |       |       |     3 |     1 |    16 |     1 ||    21
       Dig               |       |       |       |       |     3 |       ||     3
  Use: Scroll            |     2 |       |     7 |     3 |    10 |     2 ||    24
       Potion            |       |     1 |     3 |       |     5 |     2 ||    11
 Stab: Petrified         |       |       |       |       |       |     3 ||     3
  Eat: Chunk             |       |     3 |     5 |    12 |    20 |     3 ||    43
       Ration            |       |     1 |     4 |       |     3 |     1 ||     9
Armor: Plate armour      |    20 |   115 |   118 |   115 |   528 |   183 ||  1079
       Scale mail        |     4 |       |       |       |       |       ||     4
Dodge: Dodged            |    12 |    43 |    42 |    96 |   383 |   101 ||   677
Block: Shield            |    28 |   115 |   123 |   186 |   680 |   284 ||  1416
